 Dungeon Crawl Stone Soup version 0.22.1-6-g1668fe2c40 (webtiles) character file.

4706 LabCoat the Cleaver (level 10, -5/86 HPs)
             Began as a Hill Orc Fighter on Jan 24, 2019.
             Was a Follower of Trog.
             Slain by an orc warrior
             ... wielding a +0 halberd
              (9 damage)
             ... on level 8 of the Dungeon.
             The game lasted 01:00:21 (8196 turns).

LabCoat the Cleaver (Hill Orc Fighter)              Turns: 8196, Time: 01:00:22

Health: -5/86      AC: 10    Str: 30    XL:     10   Next: 45%
Magic:  10/10      EV:  7    Int:  8    God:    Trog [*.....]
Gold:   185        SH: 12    Dex: 11    Spells: 9/9 levels left

rFire    + . .     SeeInvis +   a - +1 war axe
rCold    + . .     Gourm    .   c - +1 shield
rNeg     . . .     Faith    .   u - +0 chain mail
rPois    .         Spirit   .   (no helmet)
rElec    .         Reflect  .   p - scarf {rC+ rF+}
rCorr    .         Harm     .   (no gloves)
MR       .....                  (no boots)
Stlth    ..........             (no amulet)
HPRegen  0.24/turn              h - ring of see invisible
MPRegen  0.12/turn              x - +3 ring of strength

@: mighty, berserk cooldown, slowed, very slow
A: no striking features
a: Berserk, Renounce Religion


You were on level 8 of the Dungeon.
You worshipped Trog.
Trog was aware of your devotion.
You were not hungry.

You visited 2 branches of the dungeon, and saw 9 of its levels.

You collected 341 gold pieces.
You spent 156 gold pieces at shops.

Inventory:

Hand Weapons
 a - a +1 war axe (weapon)
 g - a +0 hunting sling
Missiles
 e - 2 throwing nets (quivered)
 r - 38 sling bullets
 v - 12 poisoned needles
Armour
 c - a +1 shield (worn)
 p - a scarf of resistance (worn)
 u - a +0 chain mail (worn)
Jewellery
 h - a ring of see invisible (left hand)
 s - an uncursed ring of wizardry {unknown}
 x - a +3 ring of strength (right hand)
Wands
 y - a wand of flame (20)
 z - a wand of disintegration (14)
 F - a wand of iceblast (3)
Scrolls
 k - 3 scrolls of teleportation
 m - 4 scrolls of remove curse
 n - a scroll of fog
 q - 2 scrolls of amnesia
 D - a scroll of enchant weapon
Potions
 b - a potion of magic
 d - a potion of brilliance {unknown}
 i - a potion of flight {unknown}
 j - a potion of mutation {unknown}
 l - a potion of haste {unknown}
 o - a potion of agility {unknown}
 w - a potion of degeneration {unknown}
 A - 2 potions of curing {unknown}
 C - 2 potions of invisibility {unknown}
 E - a potion of heal wounds
Comestibles
 f - 11 rations


   Skills:
 + Level 7.4 Fighting
 * Level 14.5 Axes
 + Level 0.1 Slings
 + Level 7.0 Armour
 + Level 6.8 Shields
 + Level 1.0 Evocations


You had 9 spell levels left.
You didn't know any spells.
Your spell library contained the following spells:

 Spells                   Type           Power        Failure   Level  Hunger
 Animate Skeleton         Necr           N/A          99%         1    ##.....
 Apportation              Tloc           #.....       99%         1    ##.....
 Beastly Appendage        Tmut           #.....       99%         1    ##.....
 Confusing Touch          Hex            #.....       99%         1    ##.....
 Infusion                 Chrm           #...         99%         1    ##.....
 Summon Small Mammal      Summ           #...         99%         1    ##.....
 Shroud of Golubria       Chrm/Tloc      #.........   100%        2    ###....
 Song of Slaying          Chrm           #.......     100%        2    ###....
 Sticks to Snakes         Tmut           #.......     100%        2    ###....
 Confuse                  Hex            #.......     100%        3    ####...
 Gell's Gravitas          Tloc           #.........   100%        3    ####...
 Regeneration             Chrm/Necr      #.........   100%        3    ####...
 Spectral Weapon          Hex/Chrm       #.......     100%        3    ####...
 Spider Form              Tmut/Pois      #.........   100%        3    ####...
 Ice Form                 Ice/Tmut       #.......     100%        4    #####..
 Petrify                  Tmut/Erth      #.......     100%        4    #####..
 Blade Hands              Tmut           #.........   100%        5    ######.
 Metabolic Englaciation   Hex/Ice        #.........   100%        5    ######.
 Yara's Violent Unravell  Hex/Tmut       #.........   100%        5    ######.


Dungeon Overview and Level Annotations

Branches:
Dungeon (8/15)             Temple (1/1) D:6
   Lair: D:8-11

Altars:
Elyvilon
Makhleb
Sif Muna
Trog
Uskayaw
Wu Jian
The Shining One
Beogh

Shops:
D:4 (   D:7 }

Annotations:
D:4 room without doors!
D:6 Sewer & Ecumenical Tample


Message History

You slash the orc warrior! You block the orc's attack.
The orc priest looks braver for a moment.
You slash the orc warrior!
You kill the orc warrior!
Trog accepts your kill.
You feel a strong urge to attack something.
You feel your anger nearly subside.
You are no longer berserk.
You are exhausted.
You feel yourself slow down. The orc barely misses you.
You block the orc warrior's attack.
You closely miss the orc. The orc hits you but does no damage.
The orc warrior hits you from afar with a halberd!!
* * * LOW HITPOINT WARNING * * *
You block the orc's attack. You block the orc warrior's attack.
Found a war axe.
You hear the faint creaking of a very distant portcullis.
The orc warrior hits you from afar with a halberd!
You die...

#..# #
#######.##.###
#....##o.#...##
###..............
#.........o###.#.
#...[....O.......
#.<.....ooo......
#................
#........@.......
#................
#................
#...............#
#................
#########...)....
#.......#
######..#


You could see an orc warrior, an ogre and 4 orcs.

Vanquished Creatures
  Harold (D:7)
  Prince Ribbit (D:6)
  Grinder (D:4)
  Sigmund (D:3)
  3 hogs (D:7)
  A yak (D:7)
  A human (D:7)
  Edmund (D:5)
  Duvessa (D:4)
  A water moccasin (D:7)
  4 orc warriors (D:8)
  2 ice beasts
  A sky beast (D:6)
  2 ogres (D:4)
  A phantom (D:7)
  A centaur (D:7)
  4 bullfrogs
  Dowan (D:4)
  A scorpion (D:5)
  5 wights (D:7)
  3 howler monkeys
  3 crimson imps
  A centaur zombie (D:6)
  2 jellies
  4 orc wizards
  2 orc priests
  An iguana (D:4)
  4 worker ants
  A hound skeleton (D:5)
  A worker ant zombie (D:6)
  18 adders
  2 shadow imps
  2 oozes (D:2)
  An adder skeleton (D:7)
  3 worms
  2 dart slugs
  6 leopard geckos
  19 orcs
  A ball python (D:5)
  6 bats
  9 giant cockroaches
  4 goblins
  5 hobgoblins
  2 jackals (D:7)
  8 kobolds
  5 quokkas
  4 frilled lizards
  5 rats
158 creatures vanquished.

Notes
Turn   | Place    | Note
-------+----------+-------------------------------------------
     0 | D:1      | LabCoat the Hill Orc Fighter began the quest for the Orb.
     0 | D:1      | Reached XP level 1. HP: 19/19 MP: 1/1
   200 | D:1      | Reached skill level 3 in Axes
   200 | D:1      | Reached XP level 2. HP: 22/27 MP: 2/2
   929 | D:1      | Reached XP level 3. HP: 33/33 MP: 3/3
   966 | D:1      | You fall through a shaft!
  1370 | D:2      | Reached skill level 4 in Axes
  1574 | D:2      | Reached XP level 4. HP: 33/40 MP: 4/4
  2081 | D:3      | Reached skill level 5 in Axes
  2100 | D:3      | Noticed Sigmund
  2589 | D:3      | Reached XP level 5. HP: 46/46 MP: 5/5
  2977 | D:3      | Killed Sigmund
  2977 | D:3      | Reached skill level 6 in Axes
  2977 | D:3      | Reached XP level 6. HP: 37/53 MP: 6/6
  3254 | D:4      | Reached skill level 7 in Axes
  3260 | D:4      | Found Zuthroari's Weapon Shop.
  3273 | D:4      | Bought 10 sling bullets for 65 gold pieces
  3284 | D:4      | Noticed Grinder
  3296 | D:4      | Paralysed by Grinder for 7 turns
  3319 | D:4      | Paralysed by Grinder for 6 turns
  3336 | D:4      | Killed Grinder
  3336 | D:4      | Reached skill level 8 in Axes
  3336 | D:4      | Reached XP level 7. HP: 28/60 MP: 7/7
  4194 | D:4      | Reached skill level 9 in Axes
  4194 | D:4      | Reached skill level 5 in Armour
  4194 | D:4      | Reached skill level 5 in Shields
  4449 | D:5      | Entered Level 5 of the Dungeon
  4500 | D:5      | Reached XP level 8. HP: 62/67 MP: 8/8
  4534 | D:5      | Reached skill level 5 in Fighting
  4544 | D:5      | Noticed Edmund
  4561 | D:5      | Killed Edmund
  4887 | D:5      | Noticed Duvessa
  4887 | D:5      | Noticed Dowan
  4948 | D:4      | Killed Duvessa
  4948 | D:4      | Reached skill level 10 in Axes
  4948 | D:4      | Killed Dowan
  5392 | D:6      | Found a glowing drain.
  5439 | D:6      | Reached skill level 11 in Axes
  5501 | D:6      | Found a staircase to the Ecumenical Temple.
  5555 | Temple   | Entered the Ecumenical Temple
  5569 | Temple   | Became a worshipper of Trog the Wrathful
  5680 | D:6      | Reached XP level 9. HP: 71/75 MP: 9/9
  5930 | D:6      | Noticed Prince Ribbit
  5969 | D:6      | Killed Prince Ribbit
  5969 | D:6      | Reached skill level 12 in Axes
  6531 | D:7      | Reached * piety under Trog
  6704 | D:7      | Noticed Harold
  6718 | D:7      | Killed Harold
  6718 | D:7      | Reached skill level 13 in Axes
  6797 | D:7      | Reached XP level 10. HP: 63/86 MP: 10/10
  7089 | D:7      | Reached skill level 14 in Axes
  7618 | D:7      | Found Fuapuem's Gadget Emporium.
  7623 | D:7      | Bought a wand of iceblast (3) for 91 gold pieces
  8160 | D:8      | Found a roughly hewn altar of Beogh.
  8179 | D:8      | Reached skill level 1 in Evocations
  8188 | D:8      | HP: 1/86 [orc warrior/halberd (20)]
  8196 | D:8      | Slain by an orc warrior

Skill      XL: |  1  2  3  4  5  6  7  8  9 10 |
---------------+-------------------------------+-----
Axes           | 3 4 5 6 8 9 11 13 14 | 14.5
Fighting       | 4 5 7 |  7.4
Armour         | 4 5 6 7 |  7.0
Shields        | 4 5 6 |  6.8
Evocations     | 1 |  1.0
Slings         | |  0.1

Action                   |  1- 3 |  4- 6 |  7- 9 | 10-12 || total
-------------------------+-------+-------+-------+-------++-------
Melee: War axe           |    97 |   139 |   305 |    79 ||   620
 Fire: Hunting sling     |       |       |       |     2 ||     2
Invok: Berserk           |       |       |       |     1 ||     1
Evoke: Wand              |       |       |     7 |     6 ||    13
  Use: Scroll            |     3 |     8 |     5 |       ||    16
       Potion            |       |     3 |     4 |     2 ||     9
  Eat: Ration            |     1 |     1 |     1 |     1 ||     4
       Chunk             |       |     1 |    10 |     1 ||    12
Armor: Scale mail        |    48 |    58 |    12 |       ||   118
       Chain mail        |       |       |    80 |    24 ||   104
Dodge: Dodged            |    30 |    43 |    54 |    16 ||   143
Block: Shield            |    40 |    75 |   151 |    52 ||   318
